cohdb
Replays
Latest Replays
All Replays
Popular Replays
Top Player Replays
Match Explorer
How It Works
Community
CoH3 Stats
Reddit
Sign in to upload your games and track your stats! →
Sign in with Steam
Match 44503183
Unlisted
Match 44503183
Overview
Messages
Build Orders
End
Vickers Machine Gun Team
Vickers Machine Gun Team
Selects Indian Artillery Battlegroup
Construct Section Command Post
Infantry Section
Grenade Package
Infantry Section
Selects Towed ML 4.2-inch Heavy Mortar
Towed ML 4.2-inch Heavy Mortar
Selects Off-map Airburst Barrage
Infantry Section
Royal Engineer Section
Off-map Airburst Barrage
Construct Platoon Command Post
Royal Engineer Section
Selects BL5.5 Artillery Emplacement
Off-map Airburst Barrage
Selects Valour
Vickers Machine Gun Team
Off-map Airburst Barrage
Construct Company Command Post
Off-map Airburst Barrage
Selects Gurkha Rifles Section
Unlock M3 Grant Medium Tanks
M3 Grant Medium Tank
Royal Engineer Section
Off-map Airburst Barrage
M3 Grant Medium Tank
Selects Volunteer Infantry
M3 Grant Medium Tank
Off-map Airburst Barrage
Selects Volunteer Infantry
M3 Grant Medium Tank
Off-map Airburst Barrage
Royal Engineer Section
M3 Grant Medium Tank
Off-map Airburst Barrage
COVID-19
RamboJnr
Serial Chiller
bf117
BOGDAN DE LA PLOIESTI
giulius_storm
AC
Red Yaksha
0
0
Comments
sign in to comment!
No comments posted yet!